AoeStats
← Juankhan

Arena

510302604Analyzed
1v1 RM · 20h ago on Sep 30, 2026· 49m 12s· 2 players
Game mode
Random Map
Map size
Tiny (2 player)
Population
200
Speed
Normal
Resources
Standard
Victory
Conquest
Starting age
Dark Age
Ending age
Imperial Age
RankedLock teamsTeams togetherTeam positionsShared explorationLock speedFull tech treeHidden civsTurbo modeCheats
Victory
Defeat
🇫🇷 Berbers · France
1149
+17
🇨🇱 Lithuanians · Chile
1164
-17
AirOne
10:20 Feudal Age
12:16 Loom
14:55 Castle Age
14:09 Double-Bit Axe
15:01 Light Cavalry
15:52 Bloodlines
19:14 Fervor
20:35 Bloodlines
30:41 Imperial Age
29:34 Fletching
30:39 Wheelbarrow
30:07 Gold Mining
30:08 Stone Mining
31:29 Ballistics
33:13 Bow Saw
32:53 Horse Collar
34:05 Bodkin Arrow
34:36 Bow Saw
35:44 Chemistry
36:15 Hand Cart
36:31 Bracer
36:34 Town Watch
37:12 Thumb Ring
37:09 Padded Archer Armor
37:16 Husbandry
38:06 Conscription
37:36 Heavy Camel Rider
38:53 Scale Barding Armor
38:23 Heavy Camel Rider
39:22 Heavy Plow
40:19 Gold Shaft Mining
40:19 Stone Shaft Mining
40:19 Chain Barding Armor
40:39 Forging
41:11 Leather Archer Armor
41:21 Siege Engineers
41:27 Masonry
42:37 Plate Barding Armor
42:57 Iron Casting
44:45 Ring Archer Armor
44:06 Treadmill Crane
45:13 Maghrebi Camels
47:08 Blast Furnace
47:05 Hussar
47:29 Elite Camel Archer
48:50 Kasbah
49:27 Hoardings
48:50 Murder Holes
49:07 Fortified Wall
Juankhan
10:00 Feudal Age
14:14 Castle Age
12:15 Double-Bit Axe
13:17 Horse Collar
20:31 Man-at-Arms
20:35 Light Cavalry
21:13 Town Watch
22:28 Bloodlines
23:25 Forging
28:41 Wheelbarrow
29:59 Husbandry
30:09 Scale Barding Armor
32:49 Imperial Age
30:21 Stone Mining
30:43 Bow Saw
30:57 Loom
32:34 Hand Cart
32:22 Heavy Plow
32:59 Stone Shaft Mining
32:17 Gold Mining
33:19 Chain Barding Armor
34:30 Chemistry
34:53 Iron Casting
35:10 Cavalier
36:19 Winged Hussar
37:20 Town Patrol
39:10 Plate Barding Armor
38:43 Elite Skirmisher
39:16 Fletching
40:19 Padded Archer Armor
40:22 Bodkin Arrow
41:19 Leather Archer Armor
42:27 Conscription
42:32 Thumb Ring
43:24 Tower Shields
43:37 Pikeman
44:31 Bracer
44:58 Squires
44:32 Halberdier
44:58 Arson
45:21 Scale Mail Armor
46:31 Chain Mail Armor
48:00 Ring Archer Armor
Connection lost

Rejoining the realm…

Still unreachable

The connection could not be restored.

Session expired

The server has moved on; the page needs a fresh start.